[Event "Karnataka State Open-ch 2018"]
[Site "Bengaluru"]
[Date "2018.04.15"]
[Round "4"]
[White "Raghavendra, V."]
[Black "Yatish, B."]
[Result "1-0"]
[ECO "C00"]
[WhiteElo "1898"]
[BlackElo "1323"]
[Annotator "NA"]
[PlyCount "41"]
[EventDate "2018.??.??"]
[EventType "swiss"]
[EventCountry "IND"]
[SourceTitle "playchess.com"]
[Source "ChessBase"]
[SourceQuality "1"]
[TimeControl "5400+30"]

1. e4 e6 2. b3 d5 3. Bb2 Nf6 4. e5 Nfd7 5. c4 c6 6. Nf3 Be7 7. d4 O-O 8. Bd3 Na6 9. O-O f5 10. exf6 Bxf6 11. Nc3 Nc7 12. Qc2 h6 13. Rad1 c5 14. cxd5 cxd4 15. Nxd4 Ne5 16. Bh7+ Kh8 17. dxe6 Qe7 18. Ncb5 Nxb5 19. Nxb5 Bxe6 20. Ba3 Rfc8 21. Bxe7 1-0

[Event "Karnataka State Open-ch 2018"]
[Site "Bengaluru"]
[Date "2018.04.15"]
[Round "4"]
[White "Arun Kumar P"]
[Black "Manjunath, J."]
[Result "0-1"]
[ECO "B50"]
[WhiteElo "1545"]
[BlackElo "1986"]
[Annotator "NA"]
[PlyCount "60"]
[EventDate "2018.??.??"]
[EventType "swiss"]
[EventCountry "IND"]
[SourceTitle "playchess.com"]
[Source "ChessBase"]
[SourceQuality "1"]
[TimeControl "5400+30"]

1. e4 c5 2. Nf3 d6 3. c3 Nf6 4. Bb5+ Nc6 5. d3 Bd7 6. Bxc6 Bxc6 7. Bg5 e6 8. Nbd2 Be7 9. a4 O-O 10. O-O h6 11. Bh4 Qc7 12. h3 Nh5 13. Bxe7 Qxe7 14. Ne5 dxe5 15. Qxh5 f6 16. f4 exf4 17. Rxf4 Rad8 18. Qe2 Qd7 19. Rf3 Bxa4 20. b3 Bc6 21. Rxa7 Bb5 22. Ra2 Bxd3 23. Qe3 Qc7 24. Rg3 Bb5 25. c4 Bc6 26. Rg4 f5 27. exf5 exf5 28. Qe6+ Kh8 29. Rh4 Qg3 30. Nf3 Rd1+ 0-1

[Event "Karnataka State Open-ch 2018"]
[Site "Bengaluru"]
[Date "2018.04.15"]
[Round "4"]
[White "Gajanan D"]
[Black "Kulkarni, Vinayak"]
[Result "0-1"]
[ECO "A46"]
[WhiteElo "1538"]
[BlackElo "2179"]
[Annotator "RC"]
[PlyCount "90"]
[EventDate "2018.??.??"]
[EventType "swiss"]
[EventCountry "IND"]
[SourceTitle "playchess.com"]
[Source "ChessBase"]
[SourceQuality "1"]
[TimeControl "5400+30"]

1. d4 Nf6 2. Nf3 c5 3. e3 g6 4. Be2 Bg7 5. O-O O-O 6. b3 cxd4 7. exd4 d5 8. Bb2 Nc6 9. a3 Be6 10. b4 Rc8 11. Nbd2 Ne4 12. Nb3 Nd6 13. Bd3 Bf5 14. Bc1 Be4 15. Be3 Nf5 16. Qd2 Nd6 17. Ng5 Bxd3 18. cxd3 Nf5 19. Nf3 b6 20. Rac1 e5 21. b5 Ncxd4 22. Bxd4 exd4 23. Rxc8 Qxc8 24. Qb4 Qc3 25. g4 Nh6 26. Nbxd4 Qxd3 27. h3 Bxd4 28. Nxd4 Qxh3 29. f3 Qg3+ 30. Kh1 Re8 31. Qd2 Qh3+ 32. Kg1 f5 33. Nc6 fxg4 34. Qxd5+ Nf7 35. fxg4 Qxg4+ 36. Kh1 Qh4+ 37. Kg1 Qg5+ 38. Qxg5 Nxg5 39. Rd1 Nf3+ 40. Kf2 Ne5 41. Nxe5 Rxe5 42. Rd7 Rxb5 43. Rxa7 Ra5 44. Rb7 Rxa3 45. Rxb6 Kg7 0-1

[Event "Karnataka State Open-ch 2018"]
[Site "Bengaluru"]
[Date "2018.04.15"]
[Round "4"]
[White "Shivanth M"]
[Black "Hegde, Ravi Gopal"]
[Result "0-1"]
[ECO "B09"]
[WhiteElo "1527"]
[BlackElo "2139"]
[Annotator "NA"]
[PlyCount "86"]
[EventDate "2018.??.??"]
[EventType "swiss"]
[EventCountry "IND"]
[SourceTitle "playchess.com"]
[Source "ChessBase"]
[SourceQuality "1"]
[TimeControl "5400+30"]

1. e4 g6 2. d4 Bg7 3. Nc3 d6 4. f4 Nf6 5. Nf3 O-O 6. Be3 b6 7. Bd3 Bb7 8. Qd2 c5 9. e5 Ng4 10. O-O cxd4 11. Bxd4 Nc6 12. Be4 dxe5 13. Bxc6 Bxc6 14. Nxe5 Nxe5 15. fxe5 Bxe5 16. Rad1 Bxd4+ 17. Qxd4 Qxd4+ 18. Rxd4 Rfd8 19. Rfd1 Rxd4 20. Rxd4 Kf8 21. Rc4 Bd7 22. Rc7 Ke8 23. Nd5 Kd8 24. Rc3 Rc8 25. Rxc8+ Bxc8 26. Ne3 Kc7 27. c3 e5 28. g4 Be6 29. a3 f5 30. gxf5 gxf5 31. Kf2 Kd6 32. Kf3 f4 33. Nd1 Bd5+ 34. Kg4 Be6+ 35. Kf3 Bf5 36. Nf2 Kd5 37. b3 a5 38. h4 h5 39. b4 Kc4 40. Ne4 Bxe4+ 41. Kxe4 Kxc3 42. b5 Kc4 43. a4 Kc5 0-1

[Event "Karnataka State Open-ch 2018"]
[Site "Bengaluru"]
[Date "2018.04.15"]
[Round "4"]
[White "Kalki Eshwar D"]
[Black "Gavi, Siddayya"]
[Result "1-0"]
[ECO "C24"]
[WhiteElo "1515"]
[BlackElo "1993"]
[Annotator "NA"]
[PlyCount "89"]
[EventDate "2018.??.??"]
[EventType "swiss"]
[EventCountry "IND"]
[SourceTitle "playchess.com"]
[Source "ChessBase"]
[SourceQuality "1"]
[TimeControl "5400+30"]

1. e4 e5 2. Bc4 Nf6 3. d3 c6 4. Nf3 Be7 5. O-O d6 6. a3 {[%emt 0:01:02] C24: Bishop's Opening: 2...Nf6} (6. c3 O-O 7. Bb3 Nbd7 8. Nbd2 d5 9. exd5 cxd5 10. Re1 Bd6 11. Nf1 h6 12. Ng3 Re8 13. d4 e4 14. Nh4 Nf8 15. Nhf5 {½-½ (67) Wang,H (2702)-Kuzubov,Y (2652) Tbilisi 2017}) 6... O-O 7. Re1 Nbd7 8. h3 $146 ({Predecessor:} 8. Nbd2 Nc5 9. Nf1 Re8 10. Ng3 Bf8 11. Ba2 Be6 12. b4 Bxa2 13. Rxa2 Ne6 {1-0 (52) Nevednichy,V (2524)-Firat,B (2480) Izmir 2017}) 8... b5 9. Ba2 a5 10. c3 Qc7 11. Nbd2 Nc5 12. Nf1 Be6 13. Ng3 Bxa2 14. Rxa2 a4 15. d4 Ne6 16. Ra1 g6 17. Be3 c5 18. Qe2 Rfb8 19. Rac1 Bf8 20. d5 Ng7 21. Bg5 Nd7 22. h4 Ne8 23. h5 h6 24. hxg6 fxg6 25. Bd2 Ndf6 26. Nh2 Qh7 27. Rcd1 Ra7 28. f4 exf4 29. Bxf4 g5 30. Bc1 Re7 31. Qf2 Nxe4 32. Rxe4 Rxe4 33. Rf1 Be7 34. Nxe4 Qxe4 35. Qf7+ Kh8 36. Ng4 Ng7 $1 37. Nf6 Bxf6 $1 38. Qxf6 Qxd5 $2 (38... Kh7 $11 {and Black stays safe.}) 39. Qxh6+ Kg8 40. Bxg5 Rf8 $2 (40... Qe4 41. Qxd6 Re8 42. Qxc5 Qe5 43. Qxe5 Rxe5) 41. Rxf8+ $2 (41. Bf6 $18 Rf7 42. Rf3) 41... Kxf8 {[%emt 0:00:02] [#]} 42. Bf6 $1 Qd1+ $2 (42... Qg8 43. c4 bxc4) 43. Kf2 Qc2+ 44. Kg3 Qd3+ $18 45. Kh2 1-0

[Event "Karnataka State Open-ch 2018"]
[Site "Bengaluru"]
[Date "2018.04.15"]
[Round "4"]
[White "Shiva Chethan Halamane"]
[Black "Isha, Sharma"]
[Result "0-1"]
[ECO "A41"]
[WhiteElo "1477"]
[BlackElo "1926"]
[Annotator "NA"]
[PlyCount "100"]
[EventDate "2018.??.??"]
[EventType "swiss"]
[EventCountry "IND"]
[SourceTitle "playchess.com"]
[Source "ChessBase"]
[SourceQuality "1"]
[TimeControl "5400+30"]

1. d4 d6 2. c4 e5 3. dxe5 dxe5 4. Qxd8+ Kxd8 5. Nf3 Nc6 {[%emt 0:00:12] A41: 1 d4 d6: Tartakower System and Modern Defence} (5... f6 6. Nc3 Be6 7. e4 Nd7 8. Be3 c6 9. a3 Bc5 10. Bxc5 Nxc5 11. O-O-O+ Kc7 12. b4 Nd7 13. Kb2 Nh6 14. Be2 a5 15. c5 axb4 16. axb4 {½-½ (30) Charkhalashvili,I (2348)-Oleksienko,M (2621) Dubai 2018}) 6. a3 Be6 7. e3 a5 $146 ({Find the theoretical novelty and annotate with similar games:} 7... f6 8. b4 a5 9. b5 Nb8 10. Nc3 Nd7 11. Na4 Ne7 12. Be2 Nc8 13. O-O {½-½ (48) Salanki,E (2248)-Sandor,J (2164) Hungary 1999}) 8. b3 Nf6 9. Nc3 h6 10. Bb2 Nd7 11. O-O-O Kc8 12. e4 Bc5 13. Rd2 g5 14. h3 f6 15. Bd3 h5 16. Bc2 Ne7 17. Nd5 c6 18. Nxe7+ Bxe7 19. h4 g4 20. Nh2 {[%emt 0:00:36] [#]} a4 $1 21. b4 Bxc4 22. Rhd1 Nb6 23. Nf1 Be6 24. g3 Nc4 25. Rd3 b5 26. Nd2 Nd6 27. Re3 Kc7 28. Nb1 $2 (28. Kb1) 28... Bf8 29. Rc3 Bh6+ 30. Nd2 Nc4 31. Rd3 Rad8 32. Bc3 Nxa3 33. Kb2 Bxd2 34. Kxa3 Rxd3 35. Bxd3 Bxc3 36. Bxb5 Bxb4+ 37. Kxb4 cxb5 38. Kxb5 Rb8+ 39. Ka5 a3 40. Ra1 a2 41. Ka4 Rb1 42. Rxa2 Bxa2 43. Ka3 Be6 44. Ka4 Kc6 45. Ka5 Bc4 46. Ka4 Kc5 47. Ka3 Rb6 48. f4 Kd4 49. fxe5 Kc3 50. exf6 Ra6# 0-1

[Event "Karnataka State Open-ch 2018"]
[Site "Bengaluru"]
[Date "2018.04.15"]
[Round "4"]
[White "Sanjana Raghunath"]
[Black "Raghavendra, V."]
[Result "1-0"]
[ECO "A45"]
[WhiteElo "1472"]
[BlackElo "1898"]
[Annotator "NA RC"]
[PlyCount "123"]
[EventDate "2018.??.??"]
[EventType "swiss"]
[EventCountry "IND"]
[SourceTitle "playchess.com"]
[Source "ChessBase"]
[SourceQuality "1"]
[TimeControl "5400+30"]

1. d4 Nf6 2. Bf4 g6 3. Nc3 d5 {[%emt 0:00:35] A45: Trompowsky Attack} 4. e3 Bg7 5. h4 c6 (5... h5 6. Nf3 Bg4 7. Be2 Bxf3 8. Bxf3 c6 9. Qd2 Nbd7 10. O-O-O b5 11. Kb1 {½-½ (34) Aronian,L (2797)-Vachier Lagrave,M (2793) Caleta 2018}) 6. Be2 h6 7. Nf3 Nbd7 8. Ne5 Qa5 $146 ({Predecessor:} 8... Qb6 9. a3 Nxe5 10. Bxe5 h5 11. b4 {0-1 (38) Kozionov,K (2423)-Urazayev,A (2346) Moscow 2018}) 9. Qd2 Nxe5 10. Bxe5 b5 11. a3 O-O 12. f3 Nd7 13. Bxg7 Kxg7 14. h5 g5 15. g4 b4 16. Na2 Qc7 17. Nxb4 Qg3+ 18. Kd1 Rb8 19. Nxc6 Rxb2 20. Nb4 Nb6 21. Kc1 Rxb4 22. axb4 Nc4 23. Bxc4 dxc4 24. Rf1 Bb7 25. e4 a6 26. c3 Rd8 27. Qe3 Rd6 28. Ra5 Bc8 29. e5 Re6 30. Qe4 Bd7 31. Re1 Bb5 32. d5 Rb6 33. Rd1 Kg8 34. Kb1 Rb8 35. e6 Rf8 36. Ra2 Kh8 37. Qf5 Kg8 38. Rf1 Qf4 39. Qxf4 gxf4 40. Re2 Rd8 41. exf7+ Kxf7 42. Re5 Kf8 43. Rfe1 Be8 44. Rf5+ Bf7 45. Ree5 Ke8 46. Rxf4 Bxd5 47. Ref5 Rd6 48. Rd4 e6 49. Re5 Kf7 50. f4 Kf6 51. Re1 Rd8 52. Rg1 Rg8 {[%emt 0:01:14] [#]} 53. g5+ $1 hxg5 54. fxg5+ Rxg5 55. Rf4+ Rf5 56. Rxf5+ exf5 57. h6 f4 58. Kc1 Be4 59. Rg4 (59. Kd2 $142 Bg6 60. Ra1) 59... Ke5 60. Rg7 Kf6 61. Rd7 $18 (61. Ra7 $142 Ke6 62. h7 Bxh7 63. Rxh7 Kd6 64. Rh6+ Ke7 65. Rxa6 Kd7 66. Rf6) 61... Ke6 {[%emt 0:01:57] [#]} 62. h7 $1 1-0

[Event "Karnataka State Open-ch 2018"]
[Site "Bengaluru"]
[Date "2018.04.15"]
[Round "4"]
[White "Sujay B M"]
[Black "Hardik, Jha"]
[Result "0-1"]
[ECO "A05"]
[WhiteElo "1447"]
[BlackElo "1882"]
[Annotator "NA"]
[PlyCount "72"]
[EventDate "2018.??.??"]
[EventType "swiss"]
[EventCountry "IND"]
[SourceTitle "playchess.com"]
[Source "ChessBase"]
[SourceQuality "1"]
[TimeControl "5400+30"]

1. Nf3 Nf6 2. g3 g6 3. b3 Bg7 4. Bb2 d6 5. Bg2 c6 6. d4 O-O 7. O-O Nbd7 8. c4 Qe8 {[%emt 0:00:47] E60: King's Indian: Unusual lines and Fianchetto Variation without Nc3} (8... Re8 9. Nc3 e5 10. e4 exd4 11. Nxd4 Nc5 12. Re1 Ng4 13. b4 Qb6 14. a3 a5 15. Na2 axb4 16. axb4 Na4 {0-1 (16) Vachier Lagrave,M (2795)-Grischuk,A (2750) chess.com INT 2017}) 9. Nbd2 $146 ({Predecessor:} 9. Nc3 e5 10. e4 exd4 11. Nxd4 Nc5 12. Re1 a5 13. Nc2 {1-0 (13) Ioseliani,N (2475)-Socko,M (2310) Kishinev 1995}) 9... Rb8 10. e4 e5 11. Nh4 c5 12. d5 Qe7 13. f4 exf4 14. Rxf4 Ne5 15. Bxe5 Qxe5 16. Nhf3 Qc3 17. Rc1 Qe3+ 18. Kh1 {[%emt 0:00:01] [#]} Ng4 $1 19. Rxg4 Bxg4 20. Qe1 Qxe1+ 21. Rxe1 Rbe8 22. h3 Bxf3 23. Bxf3 f5 24. Kg2 Bc3 25. Re2 Bxd2 26. Rxd2 fxe4 27. Bg4 Re5 28. Be6+ Kg7 29. Re2 e3 $19 30. h4 h5 31. Bh3 Kh6 32. Kg1 g5 33. hxg5+ Kxg5 34. Kg2 h4 35. gxh4+ Kxh4 36. Be6 Rg5+ 0-1

[Event "Karnataka State Open-ch 2018"]
[Site "Bengaluru"]
[Date "2018.04.15"]
[Round "4"]
[White "Vikas, Saini"]
[Black "Balkishan, A."]
[Result "0-1"]
[ECO "B90"]
[WhiteElo "1346"]
[BlackElo "2026"]
[Annotator "NA"]
[PlyCount "146"]
[EventDate "2018.??.??"]
[EventType "swiss"]
[EventCountry "IND"]
[SourceTitle "playchess.com"]
[Source "ChessBase"]
[SourceQuality "1"]
[TimeControl "5400+30"]

1. e4 c5 2. Nf3 d6 3. d4 cxd4 4. Nxd4 Nf6 5. Nc3 a6 6. Be3 e5 7. Nb3 Be6 8. f3 Nbd7 9. Qd2 Be7 10. O-O-O b5 11. g4 Nb6 12. g5 Nh5 13. Nd5 Bxd5 14. Bxb6 Qxb6 15. exd5 Nf4 16. h4 O-O 17. Kb1 a5 18. Nc1 b4 19. Ne2 Nh5 20. f4 f6 21. Qd3 a4 22. g6 b3 23. gxh7+ Kh8 24. a3 bxc2+ 25. Qxc2 f5 26. fxe5 dxe5 27. Qc6 Qb3 28. Qc2 Qb6 29. Qc6 Rfb8 30. Qxb6 Rxb6 31. Rh3 Kxh7 32. Rc3 Rab8 33. Rd2 Bd6 34. Ka2 Nf6 35. Rc6 e4 36. Nd4 g6 37. Rxb6 Rxb6 38. Ne6 Be5 39. Ng5+ Kg7 40. Bc4 Bf4 41. Rg2 Bxg5 42. hxg5 Ne8 43. Be2 Nd6 44. Bd1 Rb5 45. Rd2 Ra5 46. Rd4 f4 47. Kb1 f3 48. Kc1 Rc5+ 49. Kd2 e3+ 50. Kd3 f2 51. Rf4 Rxd5+ 52. Kxe3 Rxd1 53. Kxf2 Rd2+ 54. Kg3 Rxb2 55. Rxa4 Rb5 56. Ra7+ Kf8 57. Kf4 Nf7 58. Ra8+ Kg7 59. Ra7 Rf5+ 60. Ke4 Rxg5 61. a4 Rg4+ 62. Kf3 Rb4 63. a5 Kf6 64. Ra6+ Kf5 65. Ra8 Rb3+ 66. Kf2 Kg4 67. a6 Ra3 68. a7 g5 69. Ke2 Kg3 70. Kf1 Ra2 71. Ke1 g4 72. Kf1 Ne5 73. Re8 Nf3 0-1

[Event "Karnataka State Open-ch 2018"]
[Site "Bengaluru"]
[Date "2018.04.15"]
[Round "4"]
[White "Srinidhi, Kulkarni"]
[Black "Likhit, Chilukuri"]
[Result "0-1"]
[ECO "C02"]
[WhiteElo "1341"]
[BlackElo "1988"]
[Annotator "NA"]
[PlyCount "88"]
[EventDate "2018.??.??"]
[EventType "swiss"]
[EventCountry "IND"]
[SourceTitle "playchess.com"]
[Source "ChessBase"]
[SourceQuality "1"]
[TimeControl "5400+30"]

1. e4 e6 2. d4 d5 3. e5 c5 4. c3 Nc6 5. Bb5 Bd7 6. Ne2 Nxe5 7. Bxd7+ Nxd7 8. f4 Ndf6 9. Ng3 Bd6 10. Be3 cxd4 11. cxd4 Ne7 12. Nc3 O-O 13. O-O Rc8 14. Rc1 a6 15. Na4 Rxc1 16. Qxc1 Qa5 17. Qd1 b5 18. Nc3 Qb4 19. Qb3 Qxb3 20. axb3 Ng4 21. Bd2 Rc8 22. h3 Nh6 23. Ra1 Rc6 24. Rc1 Nhf5 25. Nxf5 Nxf5 26. Ne2 Rxc1+ 27. Bxc1 h5 28. Kf2 h4 29. Bd2 b4 30. Kf3 a5 31. Be1 Bc7 32. Bf2 Bb6 33. Kg4 f6 34. Kf3 Kf7 35. Bg1 Ke7 36. Bf2 Kd7 37. Kg4 Kc6 38. Kh5 e5 39. Kg6 Nxd4 40. Nc1 Ne6 41. Bxh4 Nxf4+ 42. Kxg7 d4 43. Kxf6 Nxg2 44. Kxe5 Nxh4 0-1

[Event "Karnataka State Open-ch 2018"]
[Site "Bengaluru"]
[Date "2018.04.15"]
[Round "4"]
[White "Anantha, Krishna Nayak M"]
[Black "Kishan, Gangolli"]
[Result "0-1"]
[ECO "C00"]
[WhiteElo "1333"]
[BlackElo "1974"]
[Annotator "NA"]
[PlyCount "42"]
[EventDate "2018.??.??"]
[EventType "swiss"]
[EventCountry "IND"]
[SourceTitle "playchess.com"]
[Source "ChessBase"]
[SourceQuality "1"]
[TimeControl "5400+30"]

1. e4 e6 2. d3 d5 3. Nd2 c5 4. g3 Nc6 5. f4 h5 6. Ngf3 dxe4 7. dxe4 h4 8. Bg2 Be7 9. c3 Nh6 10. Nc4 Qxd1+ 11. Kxd1 Ng4 12. Ke2 b6 13. Rd1 Ba6 14. b3 Na5 15. Nfd2 Nxh2 16. Kf2 Rd8 17. Nxa5 hxg3+ 18. Kg1 Be2 19. Re1 Rxd2 20. Rxe2 Rxe2 21. Nc4 Re1+ 0-1

[Event "Karnataka State Open-ch 2018"]
[Site "Bengaluru"]
[Date "2018.04.15"]
[Round "4"]
[White "Yash, Abhijit Patil"]
[Black "Santoshkashyap, Hg"]
[Result "0-1"]
[ECO "B13"]
[WhiteElo "1323"]
[BlackElo "1929"]
[Annotator "NA"]
[PlyCount "124"]
[EventDate "2018.??.??"]
[EventType "swiss"]
[EventCountry "IND"]
[SourceTitle "playchess.com"]
[Source "ChessBase"]
[SourceQuality "1"]
[TimeControl "5400+30"]

1. e4 c6 2. d4 d5 3. exd5 cxd5 4. Bd3 Nc6 5. Nf3 Bg4 6. c3 Qc7 7. O-O Nf6 8. Bg5 e6 9. h3 Bh5 10. Nbd2 Bd6 11. Qc2 Bg6 12. Rac1 O-O 13. Bxf6 gxf6 14. Bxg6 hxg6 15. Rfe1 b5 16. Qd3 a6 17. g3 Kg7 18. Kg2 Na5 19. Rh1 Nc4 20. Nxc4 Qxc4 21. Qxc4 bxc4 22. Rc2 Rab8 23. h4 Rb5 24. Ra1 a5 25. a4 Rb6 26. Re2 Rfb8 27. Ra2 R6b7 28. Kf1 Kf8 29. Ke1 Ke7 30. Kd1 Kd7 31. Kc1 Bf8 32. Kc2 Kd6 33. Re1 Bg7 34. Re2 e5 35. Re1 Rb6 36. Re2 e4 37. Nd2 g5 38. hxg5 fxg5 39. f3 exf3 40. Nxf3 f6 41. Rh2 Ke6 42. g4 Kf7 43. Rf2 Kg6 44. Rg2 Bf8 45. Re2 Bd6 46. Re6 Kf7 47. Re2 Bf4 48. Rg2 Re6 49. Ra1 Rbe8 50. Ng1 Kg6 51. Rf1 f5 52. Kd1 Re3 53. gxf5+ Kxf5 54. Nf3 g4 55. Nh4+ Kg5 56. Nf3+ Kh5 57. Nd2 Rf8 58. Rh1+ Kg5 59. Kc2 Rfe8 60. Rh7 g3 61. Rg7+ Kf6 62. Rg4 Kf5 0-1

[Event "Karnataka State Open-ch 2018"]
[Site "Bengaluru"]
[Date "2018.04.15"]
[Round "4"]
[White "Basavaraj, D N Dr"]
[Black "Sekhawat, Hussen"]
[Result "1/2-1/2"]
[ECO "B10"]
[WhiteElo "1303"]
[BlackElo "1915"]
[Annotator "NA"]
[PlyCount "110"]
[EventDate "2018.??.??"]
[EventType "swiss"]
[EventCountry "IND"]
[SourceTitle "playchess.com"]
[Source "ChessBase"]
[SourceQuality "1"]
[TimeControl "5400+30"]

1. e4 c6 2. Nf3 d5 3. e5 Bf5 4. d4 e6 5. Nbd2 Bb4 6. c3 Ba5 7. Nb3 Bb6 8. Bd3 Ne7 9. Bg5 Bxd3 10. Qxd3 a5 11. a4 h6 12. Bh4 Qc7 13. g4 Ng6 14. Bg3 h5 15. gxh5 Rxh5 16. h4 Ne7 17. Ng5 Nf5 18. Qf3 g6 19. Nc1 Qe7 20. Ne2 Nd7 21. Nf4 Rh6 22. O-O-O O-O-O 23. Rh3 Rdh8 24. Rdh1 Bd8 25. Kd2 Nb6 26. b3 Qe8 27. Qe2 Be7 28. Qf3 Nd7 29. Qd3 Kb8 30. Qe2 Ka7 31. Qf1 b6 32. Qe2 c5 33. Nf3 Nb8 34. Qd3 Na6 35. Qb5 Qxb5 36. axb5 Nc7 37. c4 dxc4 38. bxc4 cxd4 39. Kd3 Kb7 40. Ng5 Bxg5 41. hxg5 Rxh3 42. Rxh3 Rxh3 43. Nxh3 Ne8 44. Bf4 Neg7 45. Bc1 Nh5 46. Nf4 Nxf4+ 47. Bxf4 a4 48. Bc1 Kc7 49. Bb2 Nh4 50. f4 Ng2 51. Bc1 a3 52. Bxa3 Nxf4+ 53. Kxd4 Nh5 54. c5 Nf4 55. c6 Nd5 1/2-1/2

[Event "Karnataka State Open-ch 2018"]
[Site "Bengaluru"]
[Date "2018.04.16"]
[Round "5"]
[White "Sanjay, N.."]
[Black "Rakshith R, Umesh"]
[Result "1-0"]
[ECO "D43"]
[WhiteElo "2346"]
[BlackElo "1728"]
[Annotator "RC"]
[PlyCount "137"]
[EventDate "2018.??.??"]
[EventType "swiss"]
[EventCountry "IND"]
[SourceTitle "playchess.com"]
[Source "ChessBase"]
[SourceQuality "1"]
[TimeControl "5400+30"]

1. Nf3 d5 2. d4 Nf6 3. c4 e6 4. Nc3 c6 5. Bg5 Be7 6. e3 Nbd7 7. Qc2 O-O 8. a3 b6 9. cxd5 exd5 10. Bd3 Bb7 11. O-O Re8 12. Ne5 h6 13. Bh4 Nxe5 14. dxe5 Ne4 15. Bxe7 Qxe7 16. Bxe4 dxe4 17. Qxe4 c5 18. Qf4 Qxe5 19. Qxe5 Rxe5 20. Rfd1 Kf8 21. Rd7 Re7 22. Rd2 Ke8 23. Nb5 Rd7 24. Nd6+ Kf8 25. Rad1 Rad8 26. e4 f6 27. Kf1 Ba6+ 28. Ke1 g6 29. Nc4 Ke7 30. Ne3 Rxd2 31. Rxd2 Rxd2 32. Kxd2 Bb7 33. f3 b5 34. b4 c4 35. Kc3 h5 36. Kd4 Kd6 37. h4 a6 38. g3 Bc6 39. f4 Ke6 40. f5+ gxf5 41. Nxf5 Be8 42. Ne3 Bc6 43. Nd1 f5 44. e5 Bb7 45. Nc3 Bf3 46. a4 Bc6 47. a5 Bf3 48. Ke3 Bb7 49. Kf4 Bc6 50. Ne2 Be4 51. Nd4+ Kd5 52. Nxf5 Bxf5 53. Kxf5 c3 54. e6 c2 55. e7 c1=Q 56. e8=Q Qf1+ 57. Kg5 Kc4 58. Qe4+ Kb3 59. Kxh5 Qf7+ 60. Kg5 Qg7+ 61. Kf4 Qf8+ 62. Ke3 Qg8 63. g4 Qc4 64. g5 Qc1+ 65. Ke2 Qc4+ 66. Qxc4+ bxc4 67. g6 c3 68. g7 c2 69. g8=Q+ 1-0

[Event "Karnataka State Open-ch 2018"]
[Site "Bengaluru"]
[Date "2018.04.16"]
[Round "5"]
[White "Ojas, Kulkarni"]
[Black "Namboothiri, K N"]
[Result "1/2-1/2"]
[ECO "A15"]
[WhiteElo "2252"]
[BlackElo "1712"]
[Annotator "ChessBase"]
[PlyCount "80"]
[EventDate "2018.??.??"]
[EventType "swiss"]
[EventCountry "IND"]
[SourceTitle "playchess.com"]
[Source "ChessBase"]
[SourceQuality "1"]
[TimeControl "5400+30"]

1. c4 Nf6 2. g3 g6 3. b3 Bg7 4. Bb2 c5 5. Bg2 d6 6. Nf3 O-O 7. O-O Nc6 8. Nc3 Bf5 9. h3 h6 10. Nh4 e5 11. Nxf5 gxf5 12. e3 Qd7 13. d3 Rfe8 14. Nd5 Nxd5 15. Bxd5 Nb4 16. Bg2 e4 17. Bxg7 Kxg7 18. d4 Rad8 19. Qe2 Nd3 20. Rad1 cxd4 21. exd4 d5 22. cxd5 Nb4 23. d6 Nd5 24. Qh5 Qe6 25. Rfe1 Rxd6 26. g4 Nf4 27. Qxf5 Qxf5 28. gxf5 Nxg2 29. Kxg2 Kf6 30. f3 exf3+ 31. Kxf3 Rxe1 32. Rxe1 Rxd4 33. Rc1 Kxf5 34. Rc7 Rd3+ 35. Ke2 Rxh3 36. Rxb7 Rh2+ 37. Kf3 Rxa2 38. Rxf7+ Kg6 39. Rc7 Rb2 40. Rxa7 Rxb3+ 1/2-1/2

[Event "Karnataka State Open-ch 2018"]
[Site "Bengaluru"]
[Date "2018.04.16"]
[Round "5"]
[White "Kulkarni, Vinayak"]
[Black "Avinash Vaidyanathan"]
[Result "1/2-1/2"]
[ECO "A04"]
[WhiteElo "2179"]
[BlackElo "1683"]
[Annotator "NA"]
[PlyCount "50"]
[EventDate "2018.??.??"]
[EventType "swiss"]
[EventCountry "IND"]
[SourceTitle "playchess.com"]
[Source "ChessBase"]
[SourceQuality "1"]
[TimeControl "5400+30"]

1. Nf3 b6 2. g3 Bb7 3. Bg2 e6 4. O-O Nf6 5. d3 d5 6. c4 Be7 7. Nc3 O-O 8. Qc2 {[%emt 0:03:25] A17: English Opening: 1...Nf6 with ...Bb4} (8. cxd5 Nxd5 9. Bd2 c5 10. a3 Nd7 11. b4 Rc8 12. Qb3 Nxc3 13. Bxc3 Bd5 14. Qb2 Bf6 15. Rfc1 c4 {0-1 (77) Leon Hoyos,M (2539)-Moradiabadi,E (2571) Lubbock 2013}) 8... c5 9. e4 Nc6 10. e5 Ne8 11. Qe2 Qd7 $146 ({Predecessor:} 11... Nc7 12. h4 Qd7 13. Rd1 Rfd8 14. Bf4 {1-0 (32) Quinteros,M-Panno,O Buenos Aires 1970}) 12. Rd1 f6 (12... Nc7 $11 {keeps the balance.}) 13. Bf4 d4 14. exf6 Nxf6 15. Nb5 Nh5 16. Bd2 a6 17. Bh3 Qd8 (17... Rf5 $5) 18. Ne5 Nxg3 (18... Nxe5 $15 19. Qxe5 axb5 20. Bxe6+ Kh8 21. Qxh5 Bf3) 19. fxg3 Nxe5 20. Qxe5 axb5 21. cxb5 Kh8 $1 22. Bxe6 $19 (22. Bg2 $11 {and White is okay.} Bd5 23. Bxd5 exd5 24. Re1) 22... Bd6 23. Qg5 Be7 24. Qe5 Bd6 25. Qg5 Be7 1/2-1/2

[Event "Karnataka State Open-ch 2018"]
[Site "Bengaluru"]
[Date "2018.04.16"]
[Round "5"]
[White "Raducanu, Andrei-Augustin"]
[Black "Ajitesh Kumara"]
[Result "1-0"]
[ECO "C00"]
[WhiteElo "2063"]
[BlackElo "1431"]
[Annotator "NA RC"]
[PlyCount "52"]
[EventDate "2018.??.??"]
[EventType "swiss"]
[EventCountry "IND"]
[SourceTitle "playchess.com"]
[Source "ChessBase"]
[SourceQuality "1"]
[TimeControl "5400+30"]

1. e4 e6 2. b3 d5 3. Bb2 c5 4. exd5 exd5 5. d4 {[%emt 0:00:15] B20: Sicilian: Unusual White 2nd moves} (5. Bb5+ Bd7 6. Qe2+ Qe7 7. Nc3 Qxe2+ 8. Bxe2 d4 9. Nb5 Kd8 10. c3 a6 11. Na3 dxc3 12. dxc3 Nc6 {1-0 (33) Aronian,L (2752)-Van Wely,L (2647) Monte Carlo 2006}) 5... Nf6 6. Nf3 Nc6 7. Be2 Be7 8. O-O O-O 9. c3 b6 $146 ({Predecessor:} 9... Bf5 10. Bd3 Bg4 11. Nbd2 cxd4 12. cxd4 Bb4 13. Qb1 Qa5 14. Qd1 Rfe8 15. a3 Bxd2 16. Qxd2 Bxf3 {0-1 (61) Cakic,D-Burkhardt,A (1714) Gerlingen 2011}) 10. Na3 Bb7 11. Nc2 Ne4 12. dxc5 bxc5 13. Ne3 Na5 14. b4 cxb4 (14... Nc4 $5 15. Nxc4 dxc4 $14) 15. cxb4 Nc4 16. Nxc4 dxc4 17. Bxc4 Bxb4 18. Qb3 Qb6 $2 {[%emt 0:03:08] [#]} (18... Qe7 $1 $11 {and Black has nothing to worry.}) 19. Ne5 $1 Nd6 {[%emt 0:05:45] [#]} (19... Bc3 $142 20. Bxf7+ (20. Bxc3 Qxb3 21. axb3 Nxc3 $16) 20... Kh8) 20. Nd7 $1 Qc6 {[%emt 0:04:09] [#]} 21. Nf6+ $1 Kh8 22. Bd5 Qb5 23. a4 Bxd5 24. Qh3 (24. axb5 $2 {is the wrong capture.} Bxb3 25. Rfb1 Rfc8 $19) ({Inferior is} 24. Qxd5 Qxd5 25. Nxd5 Bc5 $11) 24... Qxf1+ 25. Rxf1 h6 26. Nxd5 Kg8 $18 1-0